 Dungeon Crawl Stone Soup version 0.29-a0-838-g385bb11a5b (webtiles) character file.

Game seed: 14894511951523680416

646 polve the Agent of Entropy (level 7, 0/52 HPs)
             Began as a Demonspawn Abyssal Knight on July 13, 2022.
             Was a Priest of Lugonu.
             Slain by a kobold brigand
             ... wielding a +0 club
              (5 damage)
             ... in a sewer.
             The game lasted 00:05:20 (3138 turns).

polve the Agent of Entropy (DsAK)                   Turns: 3138, Time: 00:05:21

Health: 0/52       AC: 10    Str: 15    XL:     7   Next: 27%
Magic:  13/14      EV:  6    Int: 11    God:    Lugonu [***...]
Gold:   190        SH:  0    Dex: 14    Spells: 6/6 levels left

rFire   . . .      SeeInvis .   p - +3 spear
rCold   . . .      Faith    .   (no shield)
rNeg    . . .      Spirit   .   j - +0 chain mail
rPois   .          Reflect  .   (no helmet)
rElec   .          Harm     .   (no cloak)
rCorr   .          Rampage  .   (no gloves)
Will    .....                   (no boots)
Stlth   ..........              (no amulet)
HPRegen 0.17/turn               f - ring of flight
MPRegen 0.14/turn               (no ring)

@: brilliant, attractive, flying
A: claws 1, yellow scales 1, foul stench 1, spiny 2
a: Renounce Religion, Depart the Abyss, Bend Space, Banish


You were in a sewer.
You worshipped Lugonu.
Lugonu was most pleased with you.
You visited 1 branch of the dungeon, and saw 4 of its levels.
You visited the Abyss 1 time.
You also visited: Sewer.

You collected 190 gold pieces.

Inventory:

Hand Weapons
 p - a +3 spear (weapon)
Armour
 j - a +0 chain mail (worn)
Jewellery
 a - a ring of ice
 d - a +6 ring of dexterity
 f - a ring of flight (left claw)
 s - a ring of ice
Wands
 q - a wand of charming (6)
Scrolls
 c - 2 scrolls of enchant weapon {unknown}
 e - 2 scrolls of identify {unknown}
 g - 2 scrolls of amnesia {unknown}
 h - a scroll of blinking {unknown}
 m - 6 scrolls of vulnerability {unknown}
 n - 3 scrolls of teleportation {unknown}
 r - a scroll of enchant armour {unknown}
 t - a scroll of noise {unknown}
Potions
 i - 2 potions of attraction
 k - a potion of haste {unknown}
 l - 2 potions of curing {unknown}
 o - a potion of lignification {unknown}


   Skills:
 - Level 3.0 Fighting
 - Level 4.0 Polearms
 - Level 1.7 Armour
 - Level 0.8 Dodging
 + Level 9.3 Invocations


You had 6 spell levels left.
You didn't know any spells.
Your spell library was empty.

Dungeon Overview and Level Annotations

Branches:
Dungeon (4/15)              Sewer (1/1)
 Temple: D:4-7

Altars:


Innate Abilities, Weirdness & Mutations

You have sharp fingernails.
You are partially covered in yellow scales. (AC +2)
You may rarely emit foul miasma when damaged in melee.
You are mostly covered in sharp spines.


Message History

The shadow imp shouts!
The ufetubus is struck by your spines. The ufetubus hits you.
* * * LOW HITPOINT WARNING * * *
The ufetubus barely misses you.
You miss the ufetubus.
The ufetubus is moderately wounded.
You feel sick.
The ufetubus hits you but does no damage. x2
A kobold comes into view.
It is wielding a +0 dagger and quivering poisoned darts.
The kobold shouts!
You puncture the ufetubus!
You kill the ufetubus!
Lugonu accepts your kill.
You feel sick.
You hit the kobold brigand.
The kobold brigand is lightly wounded.
The kobold brigand hits you with a +0 club.
* * * LOW HITPOINT WARNING * * *
You miss the kobold brigand.
The kobold brigand is lightly wounded.
You feel sick.
A kobold comes into view.
It is wielding a +0 short sword and quivering poisoned darts.
The kobold brigand is struck by your spines.
The kobold brigand hits you with a +0 club.
* * * LOW HITPOINT WARNING * * *
You barely miss the kobold brigand.
The kobold brigand is heavily wounded.
You feel sick.
You are no longer poisoned.
It was a potion of attraction.
You feel attractive to monsters.
The kobold brigand hits you with a +0 club.
* * * LOW HITPOINT WARNING * * *
The kobold is attracted toward you.
It was a potion of brilliance.
You feel clever all of a sudden.
The shadow imp hits you but does no damage.
The kobold brigand is struck by your spines.
The kobold brigand hits you with a +0 club.
You die...

#≈≈≈≈≈≈#...≈≈≈≈≈≈≈#≈≈≈#
#≈≈≈≈≈≈#...#≈≈≈≈≈≈#≈≈≈#
#≈≈≈≈≈...≈...)≈≈≈≈#≈≈≈#
#≈≈≈≈..#≈≈≈#.)≈≈≈≈#.≈≈#
#......#≈≈≈#......#≈≈≈#
#+#######≈#######)#≈≈≈#
.....#...#......#≈≈≈#
.≈≈≈......≈≈≈≈≈)≈≈≈≈#
≈≈≈≈≈#K@.#≈≈≈≈≈≈#≈≈≈#
#######5#############


KKK §.§KZ ....... '.§._.§.' .'.......'. ≈≈#..§.§..#≈≈ You could see a kobold
brigand, a shadow imp, a kobold zombie and 4 kobolds.

Vanquished Creatures
  Grinder (D:4)
  The ghost of gabibbone the Shooter, an amateur MiHu (D:3)
  A kobold brigand (Sewer)
  3 quasits (D:3)
  3 river rats (D:4)
  4 adders
  A shadow imp (Sewer)
  3 ufetubi (Sewer)
  A dart slug (D:1)
  4 bats
  6 endoplasms
  4 giant cockroaches
  5 goblins
  3 hobgoblins (D:3)
  22 kobolds
  4 quokkas
  6 ball pythons
  3 frilled lizards
  8 rats
83 creatures vanquished.

Vanquished Creatures (others)
  An adder zombie (Sewer)
1 creature vanquished.

Grand Total: 84 creatures vanquished

Notes
Turn   | Place    | Note
-------+----------+-------------------------------------------
     0 | Abyss:1  | polve the Demonspawn Abyssal Knight began the quest for the
                  | Orb.
     0 | Abyss:1  | Reached XP level 1. HP: 18/18 MP: 2/2
     0 | Abyss:1  | Found a corrupted altar of Lugonu.
     3 | Abyss:1  | Found a corrupted altar of Lugonu.
    53 | D:1      | Escaped the Abyss
   216 | D:1      | Reached ** piety under Lugonu
   217 | D:1      | Gained mutation: You may rarely emit foul miasma when
                  | damaged in melee. [demonic ancestry]
   217 | D:1      | Reached XP level 2. HP: 24/24 MP: 3/3
  1213 | D:2      | Gained mutation: You are partially covered in sharp spines.
                  | [demonic ancestry]
  1213 | D:2      | Reached XP level 3. HP: 28/29 MP: 4/4
  2084 | D:3      | Gained mutation: You are partially covered in yellow
                  | scales. (AC +2) [demonic ancestry]
  2084 | D:3      | Reached XP level 4. HP: 35/35 MP: 5/5
  2181 | D:3      | Reached skill level 3 in Invocations
  2225 | D:3      | Noticed gabibbone's ghost (amateur MiHu)
  2245 | D:3      | Found a transporter.
  2337 | D:3      | Found a faded altar of an unknown god.
  2447 | D:3      | Found a transporter.
  2526 | D:3      | Reached skill level 4 in Invocations
  2530 | D:3      | Reached *** piety under Lugonu
  2531 | D:3      | Reached XP level 5. HP: 20/41 MP: 6/8
  2538 | D:3      | Reached skill level 5 in Invocations
  2551 | D:3      | Killed gabibbone's ghost
  2552 | D:3      | Reached skill level 6 in Invocations
  2552 | D:3      | Gained mutation: You have sharp fingernails. [demonic
                  | ancestry]
  2552 | D:3      | Reached XP level 6. HP: 33/47 MP: 8/11
  2716 | D:4      | Noticed Grinder
  2735 | D:4      | Killed Grinder
  2736 | D:4      | Reached skill level 8 in Invocations
  2736 | D:4      | Gained mutation: You are mostly covered in sharp spines.
                  | [demonic ancestry]
  2736 | D:4      | Reached XP level 7. HP: 30/52 MP: 11/13
  2941 | D:4      | Found a glowing drain.
  2947 | Sewer    | Entered a sewer
  3117 | Sewer    | Found a burning altar of Makhleb.
  3129 | Sewer    | Reached skill level 9 in Invocations
  3138 | Sewer    | Slain by a kobold brigand

Illustrated notes

Levels and vault maps discovered:
D:1:      zelgadis_glass_arrival_small, layout_loops_ring
D:2:      wander_river, layout_basic, chequers_serial_rivers_micro_a,
          grunt_ministairs_8
D:3:      layout_rooms, shapermc_ecumenical_altar_venn,
          gammafunk_ghost_stat_death, corexii_leaking_fountain
D:4:      layout_loops_corners, nicolae_ru_the_path_less_chosen,
          gammafunk_ghost_arena, lightli_sewer_entry_pipes, serial_shops, shop,
          nicolae_titane, uniq_grinder
Sewer:    kennysheep_sewer_church

Skill      XL: |  1  2  3  4  5  6  7 |
---------------+----------------------+-----
Polearms       | 2 3 4 |  4.0
Invocations    | 4 6 8 9 |  9.3
Fighting       | |  3.0
Armour         | |  1.7
Dodging        | |  0.8

Action                   |  1- 3 |  4- 6 |  7- 9 || total
-------------------------+-------+-------+-------++-------
Melee: Spear             |   138 |    62 |    64 ||   264
       Punch             |     1 |       |     1 ||     2
Invok: Depart the Abyss  |     1 |       |       ||     1
  Use: Potion            |       |     2 |     2 ||     4
 Stab: Sleeping          |     2 |       |       ||     2
Armor: Leather armour    |    12 |       |       ||    12
       Chain mail        |    18 |    74 |    30 ||   122
Dodge: Dodged            |    36 |    27 |    12 ||    75

Table legend: (Time is in decaauts)
 A = Elapsed time spent in this place.
 B = Non-inter-level travel time spent in this place.
 C = Inter-level travel time spent in this place.
 D = Time resting spent in this place.
 E = Time spent auto-exploring this place.
 F = Levels seen in this place.
 G = Mean time per level.
                   A        B        C        D        E       F      G
               +--------+--------+--------+--------+--------+-----+--------+
         Total |   3115 |   3012 |    103 |      0 |   2505 |   6 |  519.2 |
       Dungeon |   2876 |   2773 |    103 |      0 |   2334 |   4 |  719.0 |
         Abyss |     53 |     53 |      0 |      0 |     51 |   1 |   53.0 |
         Sewer |    186 |    186 |      0 |      0 |    120 |   1 |  186.0 |
               +--------+--------+--------+--------+--------+-----+--------+

Top non-repeatable levels by time:
     D:1: 992 daAuts
     D:2: 869 daAuts
     D:3: 761 daAuts
     D:4: 253 daAuts
   Sewer: 186 daAuts
 Abyss:1: 53 daAuts
